 Dungeon Crawl Stone Soup version 0.30-a0-585-g93115170b9 (webtiles) character file.

Game seed: 15499216869638363804

94 bande the Shield-Bearer (level 4, -1/29 HPs)
             Began as a Gargoyle Fighter on Jan 3, 2023.
             Slain by a gnoll
             ... wielding a +0 spear
              (3 damage)
             ... on level 3 of the Dungeon.
             The game lasted 00:02:18 (1257 turns).

bande the Shield-Bearer (Gargoyle Fighter)          Turns: 1257, Time: 00:02:18

Health: -1/29      AC: 15    Str: 19    XL:     4   Next: 63%
Magic:  4/4        EV:  4    Int:  9    God:
Gold:   293        SH:  0    Dex: 11    Spells: 3/3 levels left

rFire   . . .      SeeInvis .    a - +0 war axe
rCold   . . .      Faith    .    c - +0 buckler
rNeg    + . .      Spirit   .    g - +0 chain mail
rPois   ∞          Reflect  .    (no helmet)
rElec   +          Harm     .    j - +0 cloak
rCorr   .          Rampage  .    (no gloves)
Will    .....                    h - +0 pair of boots Stlth
                                 (no amulet)
HPRegen 0.24/turn                (no ring)
MPRegen 0.09/turn                (no ring)

@: held
A: sickness immunity, AC +3, negative energy resistance 1, electricity
resistance, torment resistance 1, petrification resistance
a: no special abilities


You were on level 3 of the Dungeon.
You visited 1 branch of the dungeon, and saw 3 of its levels.

You collected 293 gold pieces.

Inventory:

Hand Weapons
 a - a +0 war axe (weapon)
 m - a +0 flail
Armour
 c - a +0 buckler (worn)
 g - a +0 chain mail (worn)
 h - a +0 pair of boots (worn)
 j - a +0 cloak (worn)
Scrolls
 f - a scroll of fog {unknown}
 i - a scroll of poison
 k - a scroll of enchant armour {unknown}
Potions
 b - a potion of heal wounds {unknown}
 d - 2 potions of might
 e - 2 potions of attraction {unknown}
 l - a potion of brilliance {unknown}


   Skills:
 + Level 3.8 Fighting
 + Level 3.0 Axes
 + Level 3.9 Armour
 + Level 3.9 Shields


You had 3 spell levels left.
You didn't know any spells.
Your spell library contained the following spells:

 Spells                   Type           Power      Damage    Failure   Level
 Ensorcelled Hibernation  Hex/Ice        0%         N/A       100%        2
 Passwall                 Tmut/Erth      0%         N/A       100%        2
 Swiftness                Air            0%         N/A       100%        3


Dungeon Overview and Level Annotations

Branches:
Dungeon (3/15)

Altars:
Elyvilon


Innate Abilities, Weirdness & Mutations

You are immune to sickness and miasma.
Your stone body is resilient. (AC +3)
You are immune to poison.
You resist negative energy. (rN+)
You are resistant to electric shocks. (rElec)
You are resistant to unholy torment.
You are immune to petrification.


Message History

You add the spells Passwall, Ensorcelled Hibernation and Swiftness to your library.
You see here a +0 flail.
m - a +0 flail No target in view!
Found a white marble altar of Elyvilon. 2 gnolls come into view.
The gnoll shouts! x2; You hear a shout!
A gnoll comes into view. It is wielding a +0 spear.
You hear a shout!
A gnoll comes into view. It is wielding a +0 spear.
You see here a dark potion.
An orc wizard comes into view. It is wielding a +0 dagger.
The orc wizard shouts!
You hear a shout!
The gnoll hits you but does no damage. x2; The gnoll barely misses you.
You slash the gnoll!
The gnoll is severely wounded.
You slash the gnoll! The gnoll hits you but does no damage.
The gnoll barely misses you. The gnoll hits you but does no damage.
The orc wizard mumbles some strange words.
The orc wizard flickers and vanishes!
Deactivating autopickup; reactivate with Ctrl-A.
The gnoll barely misses you. x2; The gnoll hits you but does no damage.
You hit the gnoll.
You kill the gnoll!
You barely miss the gnoll. The gnoll hits you but does no damage.
You block the gnoll's attack. The gnoll hits you with a +0 whip.
Your Axes skill increases to level 3!
You hit the gnoll.
The gnoll is severely wounded.
The gnoll hits you from afar with a +0 spear.
The gnoll hits you but does no damage. The gnoll hits you with a +0 whip.
You barely miss the gnoll.
The gnoll is severely wounded.
The gnoll hits you from afar with a +0 spear.
The gnoll throws a throwing net.
The throwing net hits you.
You become entangled in the net!
The gnoll hits you with a +0 whip. The gnoll hits you but does no damage.
The gnoll hits you with a +0 whip!
* * * LOW HITPOINT WARNING * * *
The gnoll hits you from afar with a +0 spear.
You die...

#.##............#
#....#.#.#†#.#.##
..............##
###........)..#
##............
#..........###
#............
#...!#.#.#.#.
#..)@.......
#.##.g.⌠.... ...
gg....._.
#........⌠....
#.............
#......#.#.#.#
.............
.........####


You could see 3 gnolls.

Vanquished Creatures
  2 adders (D:2)
  A gnoll (D:3)
  4 dart slugs
  4 bats
  3 endoplasms
  4 giant cockroaches
  5 goblins
  3 hobgoblins
  5 kobolds
  8 quokkas
  2 ball pythons (D:2)
  12 frilled lizards
  4 rats
  A toadstool (D:1)
58 creatures vanquished.

Vanquished Creatures (others)
  5 fungi (D:1)
  3 toadstools (D:1)
8 creatures vanquished.

Grand Total: 66 creatures vanquished

Notes
Turn   | Place    | Note
-------+----------+-------------------------------------------
     0 | D:1      | bande the Gargoyle Fighter began the quest for the Orb.
     0 | D:1      | Reached XP level 1. HP: 14/14 MP: 1/1
   116 | D:1      | Reached XP level 2. HP: 19/19 MP: 2/2
   307 | D:1      | Reached XP level 3. HP: 23/23 MP: 3/3
   510 | D:2      | Found a faded altar of an unknown god.
   717 | D:2      | Reached XP level 4. HP: 29/29 MP: 4/4
  1248 | D:3      | Found a white marble altar of Elyvilon.
  1257 | D:3      | Slain by a gnoll

Illustrated notes

Levels and vault maps discovered:
D:1:      psy_arrival_basics, layout_basic, corexii_item_surrounded_by_moat,
          minmay_gold_behind_fungi, chequers_serial_rivers_room_a
D:2:      layout_loops_ring, basic_ecumenical_altar, minmay_lizard_pond
D:3:      layout_rooms, mainiacjoe_overflow_tiny_flanked, elyvilon_altar_5,
          serial_shops, shop, st_stairs_10

Skill      XL: |  1  2  3  4 |
---------------+-------------+-----
Axes           | 2 3 |  3.0
Fighting       | |  3.8
Armour         | |  3.9
Shields        | |  3.9

Action                   |  1- 3 |  4- 6 || total
-------------------------+-------+-------++-------
Melee: War axe           |    93 |    33 ||   126
  Use: Scroll            |     1 |     1 ||     2
Armor: Scale mail        |    24 |       ||    24
       Chain mail        |    37 |    28 ||    65
Dodge: Dodged            |    38 |    14 ||    52
Block: Buckler           |    17 |     5 ||    22

Table legend: (Time is in decaauts)
 A = Elapsed time spent in this place.
 B = Non-inter-level travel time spent in this place.
 C = Inter-level travel time spent in this place.
 D = Time resting spent in this place.
 E = Time spent auto-exploring this place.
 F = Levels seen in this place.
 G = Mean time per level.
                   A        B        C        D        E       F      G
               +--------+--------+--------+--------+--------+-----+--------+
         Total |   1308 |   1278 |     30 |      0 |    879 |   3 |  436.0 |
       Dungeon |   1308 |   1278 |     30 |      0 |    879 |   3 |  436.0 |
               +--------+--------+--------+--------+--------+-----+--------+

Top non-repeatable levels by time:
     D:2: 717 daAuts
     D:1: 528 daAuts
     D:3: 62 daAuts
